 Dungeon Crawl Stone Soup version 0.23.2-33-g5129a83184 (webtiles) character file.

Game seed: 5105912424622868367

319 FishyPogo the Gusty (level 6, -1/48 HPs)
             Began as a Draconian Air Elementalist on Aug 6, 2019.
             Slain by an adder skeleton (3 damage)
             ... on level 4 of the Dungeon.
             The game lasted 00:29:11 (3572 turns).

FishyPogo the Gusty (Draconian Air Elementalist)    Turns: 3572, Time: 00:29:12

Health: -1/48      AC:  7    Str:  9 (10) XL:     6   Next: 21%
Magic:  0/11       EV: 12    Int: 14 (17) God:
Gold:   70         SH:  0    Dex: 10 (12) Spells: 8/12 levels left

rFire    . . .     SeeInvis .   a - +0 spear
rCold    . . .     Gourm    .   (no shield)
rNeg     . . .     Faith    .   (armour unavailable)
rPois    .         Spirit   .   (helmet restricted)
rElec    .         Reflect  .   o - +0 cloak
rCorr    .         Harm     .   (no gloves)
MR       .....                  (no boots)
Stlth    ++........             (no amulet)
HPRegen  0.16/turn              (no ring)
MPRegen  0.12/turn              (no ring)

@: very slightly contaminated
A: unfitting armour, stinger 1, talons 1, wild magic 1, cold-blooded, AC +6
a: no special abilities


You were on level 4 of the Dungeon.
You were hungry.

You visited 1 branch of the dungeon, and saw 4 of its levels.
You also visited: Sewer.

You collected 108 gold pieces.
You spent 38 gold pieces at shops.

Inventory:

Hand Weapons
 a - a +0 spear (weapon)
 p - a +2 hunting sling of flaming
Missiles
 d - 81 stones (quivered)
Armour
 o - a +0 cloak (worn)
Scrolls
 g - 2 scrolls of identify
 h - 3 scrolls of teleportation
 i - a scroll of fear
 k - a scroll of blinking
Potions
 e - 2 potions of degeneration
 f - a potion of agility
 j - a potion of magic
 m - 5 potions of flight
Comestibles
 b - 3 rations


   Skills:
 - Level 2.1 Fighting
 - Level 2.0 Dodging
 - Level 2.0 Stealth
 + Level 3.5 Spellcasting
 - Level 1.2 Conjurations
 * Level 5.5 Air Magic


You had 8 spell levels left.
You knew the following spells:

 Your Spells              Type           Power        Failure   Level  Hunger
a - Shock                 Conj/Air       ###.         8%          1    #......
b - Static Discharge      Conj/Air       ###.....     22%         3    ###....

Your spell library contained the following spells:

 Spells                   Type           Power        Failure   Level  Hunger
 Swiftness                Chrm/Air       ##......     14%         2    ##.....
 Airstrike                Air            ###.......   28%         4    #####..
 Lightning Bolt           Conj/Air       ###.......   86%         5    ######.


Dungeon Overview and Level Annotations

Branches:
Dungeon (4/15)
 Temple: D:4-7

Altars:
Nemelex Xobeh

Shops:
D:4 ?

Annotations:
D:3 2 exclusions, Sigmund


Innate Abilities, Weirdness & Mutations

Your plain brown scales are hard. (AC +6)
You cannot fit into any form of body armour.
You are cold-blooded and may be slowed by cold attacks.
Your tail ends in a poisonous barb.
You have sharp toenails.
Your spells are a little harder to cast, but a little more powerful.


Message History

The gnoll shaman is almost dead.
The zap hits the gnoll.
You kill the gnoll!
The adder skeleton bites you.
* * * LOW HITPOINT WARNING * * *
The gnoll shaman barely misses you.
Okay, then.
Okay, then.
Okay, then.
Casting: Shock (safe; 8% risk of failure)
Confirm with . or Enter, or press ? or * to list all spells.
Aiming: Shock (safe; 8% risk of failure)
Press: ? - help, Shift-Dir - straight line The zap hits the gnoll shaman but does no damage.
The gnoll shaman is almost dead.
The adder skeleton bites you.
* * * LOW HITPOINT WARNING * * *
The gnoll shaman calls down the wrath of its god upon you.
You resist with some effort. The adder skeleton bites you.
You die...

#...########'''########,,,*,****
###.########...########,,,,,,,,,
###..####§###...###§####,,,,,,,,,
#.+..###§§§##.⌠)##.○○###,,,,,,...
#.#..##.☼☼☼§#.).#°§§☼○##,,,,,,...
#.#..###§§°##...##§○☼###,,,,,,...
#.#..####○###..)###§####,,,,,,[..
.....########..g########,,,,,,,..
#.####⌠......._Z@.....⌠#,,*******
#....########...########,,+,,*,,,
#..####§§§°.#...#§○§☼☼##,,**,,,,,
#..####.§○°§#...#§☼○§○##****,,,,,
#..#.##§○○°☼#...#☼§○§§##,,,*,,,,,
#....##☼°.☼☼#.⌠.#☼°○§§##,,,***>,,
#....##...§.#...#.☼○○☼##,,,* *,,,
##...########...########,,,***,,,
,+...########'''#####***,,,*,,,,,


You could see a gnoll shaman and an adder skeleton.

Vanquished Creatures
  A jelly (D:3)
  2 orc priests
  2 orc wizards (D:3)
  2 worker ants
  A hound skeleton (D:4)
  3 gnolls (D:4)
  2 worms (D:2)
  5 leopard geckos
  13 orcs
  3 giant cockroaches
  7 goblins
  4 hobgoblins
  2 jackals (D:2)
  3 ball pythons
  7 bats
  6 frilled lizards
  6 kobolds
  7 rats
76 creatures vanquished.

Notes
Turn   | Place    | Note
-------+----------+-------------------------------------------
     0 | D:1      | FishyPogo the Draconian Air Elementalist began the quest
                  | for the Orb.
     0 | D:1      | Reached XP level 1. HP: 14/14 MP: 3/3
   217 | D:1      | Reached XP level 2. HP: 22/22 MP: 0/5
   451 | D:1      | Reached skill level 1 in Fighting
   714 | D:2      | Reached XP level 3. HP: 28/28 MP: 0/6
  1282 | D:2      | Reached XP level 4. HP: 31/36 MP: 1/7
  1506 | D:3      | Noticed Sigmund
  1571 | D:2      | Learned a level 3 spell: Static Discharge
  1575 | D:2      | Gained mutation: You have sharp toenails. [potion of
                  | mutation]
  1575 | D:2      | Gained mutation: Your tail ends in a poisonous barb.
                  | [potion of mutation]
  1575 | D:2      | Gained mutation: Your spells are a little harder to cast,
                  | but a little more powerful. [potion of mutation]
  1756 | D:2      | Reached skill level 4 in Air Magic
  1914 | D:3      | Reached XP level 5. HP: 31/41 MP: 0/9
  2595 | D:3      | Reached skill level 5 in Air Magic
  2971 | D:4      | Found Gerohih's Magic Scroll Boutique.
  2975 | D:4      | Bought a scroll of magic mapping for 38 gold pieces
  3014 | D:4      | Reached XP level 6. HP: 37/48 MP: 4/11
  3066 | D:4      | Found a glowing drain.
  3070 | Sewer    | Entered a sewer
  3147 | Sewer    | Noticed Purgy
  3514 | D:4      | Found a sparkling altar of Nemelex Xobeh.
  3572 | D:4      | HP: 2/48 [adder skeleton (1)]
  3572 | D:4      | Slain by an adder skeleton

Skill      XL: |  1  2  3  4  5 |
---------------+----------------+-----
Dodging        | 2 |  2.0
Stealth        | 2 |  2.0
Fighting       | 1 2 |  2.1
Air Magic      | 4 5 |  5.5
Spellcasting   | 3 |  3.5
Conjurations   | |  1.2

Action                   |  1- 3 |  4- 6 || total
-------------------------+-------+-------++-------
Melee: Spear             |    39 |    44 ||    83
       Unarmed           |     1 |       ||     1
       Tailslap          |     2 |     5 ||     7
       Kick              |       |     5 ||     5
 Cast: Shock             |    55 |    96 ||   151
       Static Discharge  |       |     3 ||     3
  Use: Potion            |       |     9 ||     9
       Scroll            |       |    10 ||    10
 Stab: Sleeping          |     4 |     1 ||     5
  Eat: Chunk             |     2 |     7 ||     9
Armor: Skin              |    10 |    36 ||    46
Dodge: Dodged            |    25 |    73 ||    98
